Map: Mech Depot LE

Players

SamuraiFunn - Winner!

  • Race: Protoss Protoss
  • Spawn Location: 7:00

A.I. 1 (Harder)

  • Race: Protoss Protoss
  • Spawn Location: 1:00

VOD

Have the link to the VOD?

Description

Time

  • Played on: Oct. 28, 2017, 9:43 p.m.
  • Length: 19:58
Show
View Real Time Build Order
Export as new Build Order

SamuraiFunn Protoss - Winner!

Build Orders:  

Get SALT Encoding   

  12  0:04  Probe (Chrono Boost)  
  13  0:20  Probe (Chrono Boost)  
  14  0:23  Pylon  
  15  0:35  Probe (Chrono Boost)  
  15  0:45  Gateway  
  15  0:46  Probe (Chrono Boost)  
  16  0:55  Assimilator  
  16  0:56  Probe (Chrono Boost)  
  17  1:07  Probe (Chrono Boost)  
  17  1:10  Gateway  
  18  1:24  Pylon  
  18  1:26  Probe (Chrono Boost)  
  19  1:33  Assimilator  
  19  1:36  Probe (Chrono Boost)  
  19  1:37  Zealot  
  23  1:47  Probe (Chrono Boost)  
  23  1:59  Pylon  
  23  2:07  Zealot  
  25  2:08  Zealot  
  25  2:11  Probe (Chrono Boost)  
  28  2:22  Probe (Chrono Boost)  
  29  2:36  Gateway  
  29  2:46  Pylon  
  29  3:09  Nexus  
  29  3:16  Probe (Chrono Boost)  
  30  3:24  Zealot  
  30  3:25  Zealot x2  
  36  3:28  Probe (Chrono Boost)  
  37  3:36  Assimilator  
  37  3:48  Cybernetics Core, Forge  
  37  3:58  Zealot x2  
  41  4:07  Pylon  
  41  4:12  Probe (Chrono Boost)  
  42  4:21  Pylon  
  42  4:22  Probe (Chrono Boost)  
  43  4:25  Probe (Chrono Boost)  
  44  4:33  Probe (Chrono Boost)  
  44  4:36  Probe (Chrono Boost), Stalker  
  48  4:44  Protoss Ground Weapons Level 1  
  48  4:46  Probe (Chrono Boost)  
  49  4:55  Stalker  
  49  4:57  Probe (Chrono Boost)  
  52  5:02  Adept  
  52  5:06  Adept  
  56  5:29  Gateway  
  56  5:36  Pylon  
  56  5:39  Robotics Facility  
  56  5:41  Robotics Facility  
  56  5:44  Probe (Chrono Boost)  
  56  5:45  Probe (Chrono Boost)  
  58  5:51  Adept  
  58  5:52  Adept  
  58  5:54  Probe (Chrono Boost)  
  58  5:56  Probe (Chrono Boost)  
  64  6:05  Probe (Chrono Boost)  
  64  6:06  Probe (Chrono Boost)  
  64  6:09  Twilight Council  
  66  6:17  Probe (Chrono Boost)  
  67  6:27  Probe (Chrono Boost), Stalker  
  67  6:28  Stalker  
  67  6:29  Pylon, Stalker x2  
  76  6:38  Probe (Chrono Boost), Protoss Ground Armor Level 1  
  77  7:00  Nexus  
  77  7:03  Adept  
  77  7:04  Adept  
  77  7:05  Adept x2  
  85  7:11  Immortal  
  89  7:39  Assimilator  
  89  7:42  Pylon  
  89  7:57  Stalker x2  
  93  8:00  Stalker x2  
  91  8:32  Protoss Shields Level 1  
  89  8:56  Stalker x4  
  89  9:01  Immortal  
  101  9:03  Immortal  
  57  9:40  Immortal  
  57  9:42  Immortal  
  65  10:04  Adept x2  
  65  10:05  Adept x2  
  73  10:15  Charge  
  73  10:19  Immortal  
  77  10:21  Immortal  
  77  10:26  Protoss Ground Armor Level 2  
  79  10:58  Warp Prism  
  81  11:04  Probe (Chrono Boost)  
  82  11:14  Adept  
  82  11:15  Probe (Chrono Boost), Adept x3  
  91  11:19  Immortal  
  95  11:26  Probe (Chrono Boost)  
  96  11:34  Immortal  
  96  11:36  Probe (Chrono Boost)  
  101  11:46  Nexus  
  101  11:53  Pylon  
  101  11:57  Pylon  
  101  12:00  Nexus, Blink  
  101  12:03  Pylon  
  101  12:08  Pylon  
  101  12:11  Probe (Chrono Boost), Immortal  
  106  12:24  Adept  
  106  12:25  Adept x3  
  114  12:31  Immortal  
  114  12:36  Probe (Chrono Boost)  
  119  12:42  Protoss Ground Weapons Level 2  
  117  12:46  Probe (Chrono Boost)  
  117  12:50  Immortal  
  112  12:52  Zealot x4  
  112  12:57  Probe (Chrono Boost)  
  121  13:15  Immortal  
  121  13:19  Zealot x4  
  133  13:29  Immortal  
  123  13:46  Stalker x4  
  125  14:16  Stalker x4  
  115  14:45  Stalker  
  115  14:51  Stalker x3  
  123  14:54  Immortal x2  
  129  15:15  Stalker  
  129  15:21  Stalker x3  
  133  15:33  Immortal x2  
  135  15:45  Stalker  
  137  15:51  Stalker x2  
  141  16:29  Robotics Facility  
  141  16:31  Robotics Facility, Zealot x4  
  149  16:33  Robotics Facility  
  149  16:58  Zealot x4  
  155  17:05  Nexus  
  155  17:25  Assimilator, Zealot x4  
  155  17:28  Assimilator  
  163  18:00  Pylon  
  163  18:03  Pylon  
  163  18:05  Pylon  
  163  18:09  Pylon  
  163  18:17  Observer x2, Zealot x2  
  169  18:39  Observer  
  170  19:14  Warp Prism  
  170  19:15  Warp Prism x3  
  170  19:16  Warp Prism  
Show
View Real Time Build Order
Export as new Build Order

A.I. 1 (Harder) Protoss 

Build Orders: 1 Gate Expand 

Get SALT Encoding   

  12  0:01  Probe (Chrono Boost)  
  13  0:11  Probe (Chrono Boost)  
  14  0:20  Pylon  
  14  0:22  Probe (Chrono Boost)  
  15  0:39  Probe (Chrono Boost)  
  16  0:49  Probe (Chrono Boost)  
  17  0:51  Gateway  
  17  1:11  Nexus  
  17  1:12  Probe (Chrono Boost)  
  18  1:28  Pylon  
  18  1:31  Assimilator  
  18  1:37  Zealot  
  20  1:42  Cybernetics Core  
  20  1:43  Probe (Chrono Boost)  
  22  1:55  Probe (Chrono Boost)  
  22  2:06  Probe (Chrono Boost), Gateway  
  23  2:13  Assimilator  
  23  2:15  Stalker  
  23  2:21  Pylon  
  23  2:22  Probe (Chrono Boost)  
  26  2:35  Warp Gate  
  26  2:36  Probe (Chrono Boost)  
  27  2:41  Probe (Chrono Boost)  
  27  2:43  Adept  
  28  2:47  Probe (Chrono Boost)  
  31  2:52  Probe (Chrono Boost)  
  31  2:58  Probe (Chrono Boost)  
  33  3:04  Probe (Chrono Boost)  
  34  3:09  Probe (Chrono Boost)  
  34  3:11  Gateway  
  34  3:12  Zealot  
  35  3:15  Probe (Chrono Boost)  
  38  3:23  Adept  
  40  3:37  Adept  
  42  3:45  Pylon  
  42  3:49  Sentry  
  44  3:58  Stalker  
  44  4:00  Assimilator  
  44  4:02  Probe (Chrono Boost)  
  47  4:05  Probe (Chrono Boost)  
  48  4:10  Stalker  
  48  4:12  Assimilator  
  48  4:14  Probe (Chrono Boost)  
  48  4:16  Probe (Chrono Boost)  
  52  4:19  Pylon  
  52  4:25  Forge  
  52  4:26  Probe (Chrono Boost)  
  52  4:29  Stargate  
  53  4:39  Probe (Chrono Boost)  
  53  4:41  Probe (Chrono Boost)  
  55  4:50  Probe (Chrono Boost), Protoss Ground Weapons Level 1  
  57  4:52  Probe (Chrono Boost)  
  57  4:57  Zealot  
  59  5:01  Probe (Chrono Boost)  
  59  5:05  Probe (Chrono Boost)  
  61  5:08  Pylon  
  61  5:10  Zealot  
  61  5:13  Probe (Chrono Boost)  
  64  5:17  Probe (Chrono Boost)  
  64  5:19  Void Ray  
  65  5:24  Probe (Chrono Boost)  
  71  5:29  Probe (Chrono Boost)  
  71  5:33  Pylon, Adept  
  74  5:36  Probe (Chrono Boost)  
  74  5:45  Adept  
  76  5:52  Probe x2 (Chrono Boost), Pylon  
  76  5:56  Adept  
  80  6:08  Adept  
  80  6:11  Probe x2 (Chrono Boost)  
  84  6:13  Pylon  
  84  6:19  Sentry  
  86  6:27  Photon Cannon  
  86  6:30  Stalker  
  86  6:32  Probe (Chrono Boost)  
  89  6:33  Robotics Facility  
  89  6:34  Protoss Ground Armor Level 1  
  89  6:37  Probe (Chrono Boost)  
  89  6:38  Pylon  
  90  6:42  Stalker  
  90  6:43  Probe (Chrono Boost)  
  90  6:45  Photon Cannon  
  93  6:49  Pylon  
  93  6:51  Pylon  
  93  6:53  Stalker  
  95  6:56  Twilight Council  
  95  7:05  Stalker  
  95  7:06  Forge  
  97  7:11  Photon Cannon  
  97  7:13  Void Ray  
  97  7:14  Photon Cannon  
  97  7:20  Observer  
  97  7:22  Blink  
  102  7:40  Observer  
  103  8:23  Zealot  
  103  8:47  Protoss Ground Weapons Level 2, Protoss Air Weapons Level 1, Protoss Ground Armor Level 2  
  103  8:50  Warp Prism  
  103  8:52  Phoenix  
  103  8:55  Gateway  
  107  8:58  Robotics Bay  
  107  9:03  Robotics Facility  
  107  9:08  Stargate  
  107  9:12  Pylon  
  99  9:17  Phoenix, Zealot  
  97  9:25  Warp Prism  
  91  9:31  Zealot  
  93  9:42  Observer Gravitic Boosters  
  93  9:45  Gateway  
  93  9:49  Immortal  
  93  9:50  Nexus  
  97  9:56  Stargate  
  97  10:01  Observer  
  98  10:14  Templar Archives  
  98  10:21  Immortal  
  98  10:22  Dark Shrine  
  98  10:26  Warp Prism  
  104  10:31  Protoss Air Armor Level 1  
  104  10:35  Gravitic Drive  
  100  10:45  Fleet Beacon  
  100  10:46  Zealot  
  92  10:51  Zealot  
  92  10:53  Protoss Shields Level 1  
  92  10:56  Sentry  
  96  11:01  Stalker  
  96  11:03  Probe (Chrono Boost)  
  100  11:04  Probe (Chrono Boost)  
  100  11:06  Sentry  
  102  11:18  Nexus, Assimilator  
  102  11:20  Pylon  
  102  11:21  Pylon  
  102  11:22  Assimilator  
  102  11:44  Photon Cannon, Probe (Chrono Boost)  
  102  11:45  Probe (Chrono Boost)  
  102  11:46  Photon Cannon  
  104  12:08  High Templar  
  106  12:14  High Templar  
  108  12:19  High Templar  
  110  12:25  High Templar  
  110  12:27  Colossus  
  112  12:31  Archon  
  112  12:33  Probe x3 (Chrono Boost)  
  112  12:34  Tempest  
  121  12:40  Protoss Shields Level 2  
  121  12:43  High Templar, Assimilator  
  121  12:45  Pylon  
  121  12:47  Pylon  
  121  12:48  Assimilator  
  121  12:49  Sentry  
  105  12:54  Zealot  
  103  13:00  Stalker  
  105  13:06  Zealot  
  105  13:12  Sentry  
  109  13:17  Stalker  
  109  13:18  Photon Cannon  
  111  13:20  Immortal  
  111  13:24  Oracle  
  118  13:27  Probe (Chrono Boost)  
  118  13:29  Stalker  
  118  13:32  Pylon  
  98  13:35  Stalker  
  98  13:36  Probe (Chrono Boost)  
  98  13:37  Pylon  
  98  13:40  High Templar  
  92  13:45  Immortal  
  92  13:47  Probe (Chrono Boost)  
  92  13:48  Probe x3 (Chrono Boost)  
  90  13:52  Zealot  
  87  13:57  Zealot  
  87  13:59  Probe (Chrono Boost)  
  87  14:00  Probe (Chrono Boost), Mothership Core (Chrono Boost)  
  91  14:03  High Templar  
  91  14:08  Zealot  
  95  14:10  Probe (Chrono Boost)  
  95  14:11  Probe (Chrono Boost), Zealot  
  92  14:17  Stalker  
  92  14:19  Probe (Chrono Boost)  
  92  14:22  Sentry  
  92  14:23  Probe (Chrono Boost)  
  86  14:28  Stalker  
  84  14:38  Stalker  
  71  14:44  Stalker  
  65  14:54  Sentry  
  62  15:00  High Templar  
  62  15:06  High Templar  
  64  15:12  Nexus  
  64  15:13  Zealot  
  63  15:16  Zealot  
  57  15:22  Zealot  
  57  15:26  Mothership Core (Chrono Boost), Pylon  
  54  15:29  Probe (Chrono Boost)  
  54  15:35  Zealot  
  55  15:40  Probe (Chrono Boost)  
  55  15:42  Zealot  
  50  15:47  Assimilator  
  40  15:50  Assimilator  
  30  16:36  Nexus  
  30  16:39  Pylon  
  27  16:56  Nexus  
  12  18:02  Nexus  
  12  18:08  Probe (Chrono Boost)  
  13  18:13  Probe (Chrono Boost)  
  13  18:19  Probe (Chrono Boost)  
  14  18:24  Probe (Chrono Boost)  
  15  18:28  Assimilator  
  15  18:30  Probe (Chrono Boost)  
  16  18:41  Nexus  
  16  18:45  Pylon  
  15  18:55  Assimilator  
  15  19:01  Pylon  
Tags
 
Matchup
PvP
Replay Pack
First 100 games
Spawn Locations
Cross Positions
Add a new tag
Caveats
  • Supply blocks, unpowered buildings, or Contaminate may cause inaccurate times.
  • Supply counts are checked every 10 seconds.